cohdb
Replays
Latest Replays
All Replays
Popular Replays
Top Player Replays
Match Explorer
How It Works
Community
CoH3 Stats
Reddit
Sign in to upload your games and track your stats! →
Sign in with Steam
Match 37981709
Unlisted
Match 37981709
Overview
Messages
Build Orders
End
Selects Australian Defense Battlegroup
Selects Australian Light Infantry Section
Australian Light Infantry Section
Construct Section Command Post
Australian Light Infantry Section
Infantry Section
Construct Platoon Command Post
Grenade Package
Humber Armored Car
Australian Light Infantry Section
Construct Company Command Post
Selects 2-pounder Anti-tank Gun Team
Infantry Section
Crusader II Medium Tank
Crusader II Medium Tank
SneaKerz
gb_gbg
BatZ
Hopasej
0
0
Comments
sign in to comment!
No comments posted yet!